Cogmind - Beta 15 --- EXPLORER MODE // 2025.07.18 @ 10:38:27 Player: rootmos Result: Self-destructed Performance ------------- Evolutions (2) 1000 Regions Visited (3) 600 Robots Destroyed (23) 115 Value Destroyed (653) 653 Prototype IDs (1) 20 Alien Tech Used (0) 0 Bonus (0) 0 TOTAL SCORE: 2388 Bonus ------- None Cogmind --------- Core Integrity 550/550 Matter 226/300 Energy 280/280 System Corruption 0% Temperature Cool (0) Movement Walking (120) Location -8/Materials Parts ------- > --- POWER (1) -------- Heavy Ion Engine (fused) > --- PROPULSION (3) --- Aluminum Leg Aluminum Leg Aluminum Leg > --- UTILITY (5) ------ Medium Storage Unit Shield Generator > --- WEAPON (3) ------- Subdweller Machine Gun Plasma Cutter > --- INVENTORY (10) --- Light Ion Engine Heavy Ion Engine Aluminum Leg Heat Sink Disposable Heat Sink Huge Storage Unit Small Battery (100) Targeting Computer Heavy EM Pulse Gun Assault Rifle Peak State ------------ > --- POWER ------------ Heavy Ion Engine > --- PROPULSION ------- Aluminum Leg Aluminum Leg Aluminum Leg > --- UTILITY ---------- Medium Storage Unit Shield Generator > --- WEAPON ----------- Heavy EM Pulse Gun Subdweller Machine Gun > --- INVENTORY -------- Light Ion Engine Heavy Ion Engine Aluminum Leg Heat Sink Disposable Heat Sink Huge Storage Unit Small Battery Targeting Computer Assault Rifle Plasma Cutter [Rating: 14] Favorites ----------- Power Heavy Ion Engine Engine Heavy Ion Engine Power Core Light Nuclear Core Propulsion Aluminum Leg Leg Aluminum Leg Wheel Compact Wheel Utility Medium Storage Unit Device Shield Generator Storage Medium Storage Unit Protection Light Armor Plating Weapon Assault Rifle Energy Gun Heavy EM Pulse Gun Ballistic Gun Assault Rifle Special Weapon Plasma Cutter Build | -11 -10 -10 -8 ------- Run | Yrd Mat Sub Mat Slots Evolved 5 | . 1 . 4 Power . | . . . . Propulsion 1 | . 1 . . Utility 3 | . . . 3 Weapon 1 | . . . 1 Parts Attached 26 | 8 15 3 . Power 4 | 1 3 . . Engine 3 | 1 2 . . Core 1 | . 1 . . Reactor . | . . . . Propulsion 6 | 2 4 . . Treads . | . . . . Leg 5 | 2 3 . . Wheel 1 | . 1 . . Hover . | . . . . Flight . | . . . . Utility 7 | 2 4 1 . Device 2 | . 1 1 . Storage 4 | 1 3 . . Processor . | . . . . Hackware . | . . . . Protection 1 | 1 . . . Artifact . | . . . . Weapon 9 | 3 4 2 . Energy Gun 2 | 1 1 . . Energy Cannon . | . . . . Ballistic Gun 6 | 2 3 1 . Ballistic Cannon . | . . . . Launcher . | . . . . Special Weapon 1 | . . 1 . Impact Weapon . | . . . . Slashing Weapon . | . . . . Piercing Weapon . | . . . . Special Melee Weapon . | . . . . Unidentified Prototypes 1 | . 1 . . Parts Lost 3 | . 2 1 . Power 1 | . 1 . . Propulsion . | . . . . Utility 2 | . 1 1 . Weapon . | . . . . Highest Loss Streak 1 | . 1 1 . To Critical Strikes . | . . . . Average Backups 8 | . 8 9 . Power 1 | . 1 2 . Propulsion 1 | . 1 1 . Utility 4 | . 3 4 . Weapon 1 | . 1 1 . Tool/Special . | . . . . Unused Backups 10 | . 2 1 7 Power 4 | . 2 . 2 Propulsion . | . . . . Utility 6 | . . 1 5 Weapon . | . . . . Tool/Special . | . . . . Average Slot Usage (%) 99 | . 98 100 . Engine 10 | . 8 12 . Core 1 | . 3 . . Leg 36 | . 36 37 . Device 11 | . 10 12 . Storage 12 | . 12 12 . Energy Gun 7 | . 2 10 . Ballistic Gun 16 | . 22 12 . Peak Build Rating 14 | 7 13 14 . Average Rating 12 | 5 11 13 . On Entrance 8 | . 7 13 14 Naked Turns . | . . . . Heaviest Build 27 | 21 25 27 . Greatest Support 30 | 20 30 30 . Greatest Overweight (x) 8 | 5 1 8 . Average Overweight (x) . | 1 . . . Largest Inventory Capacity 25 | 10 25 10 . Average Capacity 10 | 9 10 10 . Most Carried 10 | 1 10 10 . Average Carried 8 | . 8 9 . Final Capacity 10 | 10 10 10 10 Final Carried 10 | 1 10 10 10 Class Distribution -------------------- 100% | Hacker-Mutant Dominant Class ---------------- Hacker-Mutant | -10/Materials Hacker-Mutant | -10/Subcaves Hacker-Mutant | -8/Materials Resources | -11 -10 -10 -8 ----------- Run | Yrd Mat Sub Mat Matter Collected 883 | 163 331 389 . Remotely . | . . . . Salvage Created 782 | . 255 527 . Parts 54 | . 23 31 . Haulers Intercepted . | . . . . Recyclers Shooed . | . . . . Parts Field Recycled . | . . . . Retrieved Matter . | . . . . Parts Self-Destructed . | . . . . Prevented . | . . . . Kills | -11 -10 -10 -8 ------- Run | Yrd Mat Sub Mat Combat Hostiles Destroyed 22 | . 9 13 . Guns 18 | . 9 9 . AOE 4 | . . 4 . Classes Destroyed 4 | . 3 1 . Watcher 1 | . 1 . . Swarmer 8 | . 4 4 . Grunt 7 | . 5 2 . Subdweller 7 | . . 7 . Best Kill Streak 4 | . 3 4 . Combat Bots Only 4 | . 3 4 . Max Kills in Single Turn 2 | . 1 2 . Gunslinging 1 | . . 1 . Exploded 2 | . . 2 . Melee . | . . . . Uniques/NPCs Destroyed . | . . . . Combat | -11 -10 -10 -8 -------- Run | Yrd Mat Sub Mat Hostile Shots Fired 126 | . 39 87 . Missed 43 | . 11 32 . Hits 83 | . 28 55 . Projectile 83 | . 28 55 . Critical Strikes 1 | . . 1 . Damage Taken 682 | . 343 339 . Core 98 | . 42 56 . Absorbed by Shields 191 | . 50 141 . Ignored by Resistances 537 | . 239 298 . Core Remaining (%) 80 | 100 . 60 . Volleys Fired 109 | . 22 87 . Largest 2 | . 2 2 . Hottest 75 | . 40 75 . Shots Fired 211 | . 45 166 . Gun 202 | . 45 157 . Cannon . | . . . . Launcher . | . . . . Special 9 | . . 9 . Kinetic 157 | . 45 112 . Thermal 9 | . . 9 . Explosive . | . . . . Electromagnetic 45 | . . 45 . Robot Hit Streak 35 | . 20 35 . Robot Miss Streak 1 | . 1 1 . Penetration Max . | . . . . Secondary Targets 7 | . 5 2 . Max Gunslinging Chain 1 | . 1 1 . Shots Hit Robots 102 | . 39 63 . Core Hits 43 | . 17 26 . Critical Kills . | . . . . Critical Parts Destroyed . | . . . . Critical Strikes 1 | . . 1 . Corrupt 1 | . . 1 . Melee Attacks . | . . . . Impact . | . . . . Slashing . | . . . . Piercing . | . . . . Sneak Attacks . | . . . . Combat Hostiles . | . . . . Follow-up Attacks . | . . . . Damage Inflicted 1321 | 3 396 922 . Guns 1091 | . 389 702 . Cannons . | . . . . Explosions 220 | . . 220 . Melee . | . . . . Ramming 10 | 3 7 . . Kinetic 705 | . 389 316 . Thermal 220 | . . 220 . Explosive . | . . . . Electromagnetic 386 | . . 386 . Impact . | . . . . Slashing . | . . . . Piercing . | . . . . Highest Corruption 1 | . 1 1 . Average Corruption 1 | . 1 1 . Corruption Purged . | . . . . Corruption Blocked . | . . . . Effects 18 | . 4 14 . Message Errors 2 | . 1 1 . Matter Fused 7 | . 2 5 . Heat Flow Errors 1 | . . 1 . Energy Discharges 3 | . . 3 . Parts Fused 1 | . . 1 . Data Loss (minor) 1 | . . 1 . Data Loss (major) 1 | . . 1 . Misfires 1 | . 1 . . Weapon Failures 1 | . . 1 . Overload Shots . | . . . . Overflow Damage . | . . . . Projectiles . | . . . . Explosions . | . . . . Melee . | . . . . Knockbacks . | . . . . Impact . | . . . . Kinetic . | . . . . Secondary . | . . . . Self-Inflicted Damage . | . . . . Shots . | . . . . Rammed . | . . . . Targets Rammed 4 | 1 3 . . Kicked 4 | 1 3 . . Crushed . | . . . . Highest Temperature 186 | . 41 186 . Average Temperature 20 | . 11 95 . Received Heat Transfer 233 | . 124 109 . Siege Activations . | . . . . Martial Activations . | . . . . Shielding Activations . | . . . . Robots Disrupted 1 | . . 1 . Combat Hostiles 1 | . . 1 . Robots Corrupted . | . . . . Combat Hostiles . | . . . . Parts Fried 2 | . . 2 . Impact Corruptions . | . . . . Robots Melted . | . . . . Combat Hostiles . | . . . . Parts Melted . | . . . . Heat Transferred 150 | . . 150 . Parts Sabotaged . | . . . . Parts Stolen . | . . . . Parts Stripped . | . . . . Power Chain Reactions 3 | . . 3 . Alert | -11 -10 -10 -8 ------- Run | Yrd Mat Sub Mat Maximum Alert Level . | . . . . Low Security (%) 100 | 100 100 . . Level 1 . | . . . . Level 2 . | . . . . Level 3 . | . . . . Level 4 . | . . . . Level 5 . | . . . . High Security . | . . . . Max Security . | . . . . Peak Influence 50 | . 50 . . Initial 7 | . . . 7 Average 3 | . 3 . . Influence Increases 569 | . 229 340 . Destroy 0b10 Robot/C 300 | . 180 120 . Destroy 0b10 Robot/NC 5 | . 5 . . Destroy Leader 52 | . 42 10 . Successful Hack 2 | . 2 . . Lose Combat Pursuer 210 | . . 210 . Influence Decreases 562 | . 229 320 13 Entered New Map 13 | . . . 13 Time Decay 539 | . 219 320 . Lost Part 10 | . 10 . . Squads Dispatched . | . . . . Investigation . | . . . . Extermination . | . . . . Reinforcement . | . . . . Assault . | . . . . Garrison . | . . . . Intercept . | . . . . Searches Triggered . | . . . . Construction Impeded . | . . . . Haulers Reinforced . | . . . . Active Scanning Responses . | . . . . Cargo Convoy Interrupts . | . . . . Stealth | -11 -10 -10 -8 --------- Run | Yrd Mat Sub Mat Distress Signals 1 | . 1 . . Communications Jammed . | . . . . Distress Signals . | . . . . Times Spotted 40 | . 16 24 . Peak Tracking Total 6 | . 3 6 . Tactical Retreats 2 | . . 2 . Traps | -11 -10 -10 -8 ------- Run | Yrd Mat Sub Mat Traps Triggered 3 | . 3 . . Indirectly . | . . . . Trap Hack Attempts . | . . . . Triggered . | . . . . Disarmed . | . . . . Reprogrammed . | . . . . Reused . | . . . . Traps Extracted . | . . . . Installed . | . . . . Triggered . | . . . . Machines | -11 -10 -10 -8 ---------- Run | Yrd Mat Sub Mat Machines Disabled . | . . . . Max in Single Turn . | . . . . Machines Repaired . | . . . . Machines Dismantled . | . . . . Machines Sabotaged . | . . . . Overloaded Fab Kills . | . . . . Hacking | -11 -10 -10 -8 --------- Run | Yrd Mat Sub Mat Machines Accessed 5 | . 4 1 . Terminals 4 | . 4 . . Fabricators . | . . . . Repair Stations . | . . . . Recycling Units . | . . . . Scanalyzers . | . . . . Garrison Access . | . . . . Total Hacks 11 | . 7 4 . Successful 7 | . 3 4 . Failed 4 | . 4 . . Catastrophic . | . . . . Database Lockouts . | . . . . Manual . | . . . . Terminals 7 | . 7 . . Fabricators . | . . . . Repair Stations . | . . . . Recycling Units . | . . . . Scanalyzers . | . . . . Garrison Access . | . . . . Terminal Hacks 7 | . 3 4 . Record 4 | . . 4 . Robot Analysis 1 | . 1 . . Locate Traps 1 | . 1 . . Zone Layout 1 | . 1 . . Fabricator Hacks . | . . . . Repair Station Hacks . | . . . . Recycling Unit Hacks . | . . . . Scanalyzer . | . . . . Garrison Access Hacks . | . . . . Unauthorized Hacks . | . . . . Terminals . | . . . . Fabricators . | . . . . Repair Stations . | . . . . Recycling Units . | . . . . Scanalyzers . | . . . . Garrison Access . | . . . . Data Cores Recovered . | . . . . Used . | . . . . Hacking Detections 2 | . 2 . . Full Trace Events . | . . . . Feedback Events . | . . . . Feedback Blocked . | . . . . Robot Schematics Acquired . | . . . . Robots Built . | . . . . Authchips . | . . . . Time . | . . . . Total Robot Build Rating . | . . . . Part Schematics Acquired . | . . . . Parts Built . | . . . . Authchips . | . . . . Time . | . . . . Total Part Build Rating . | . . . . Parts Repaired . | . . . . Time . | . . . . Parts Recycled . | . . . . Recycled Matter . | . . . . Retrieved Matter . | . . . . Retrieved Components . | . . . . Parts Scanalyzed . | . . . . Part Schematics Acquired . | . . . . Parts Damaged . | . . . . Bothacking | -11 -10 -10 -8 ------------ Run | Yrd Mat Sub Mat Used RIF Installer . | . . . . Robots Hacked . | . . . . Non-combat . | . . . . Combat . | . . . . Robot Hacks Applied . | . . . . Relay Couplers Released . | . . . . Fabnet Peak Effective % . | . . . . Robots Rewired . | . . . . Allies Hacked . | . . . . Hacks Repelled . | . . . . Allies | -11 -10 -10 -8 -------- Run | Yrd Mat Sub Mat Total Allies . | . . . . Largest Group . | . . . . Highest-Rated Group . | . . . . Highest-Rated Ally . | . . . . Total Orders . | . . . . Ally Attacks . | . . . . Total Damage . | . . . . Kills . | . . . . Allies Corrupted . | . . . . Allies Melted . | . . . . Intel | -11 -10 -10 -8 ------- Run | Yrd Mat Sub Mat Active Infowar (turns) . | . . . . Robot Analysis Total 1 | . 1 . . Derelict Logs Recovered 1 | . . 1 . Drone Launches . | . . . . Drone Recoveries . | . . . . Exploration | -11 -10 -10 -8 ------------- Run | Yrd Mat Sub Mat Turns Passed 3358 | 97 1373 1888 . Spaces Moved 2353 | 46 1004 1303 . Core 13 | 12 . 1 . Treads . | . . . . Legs 2340 | 34 1004 1302 . Wheels . | . . . . Hover . | . . . . Flight . | . . . . Fastest Speed 50 | 50 120 120 . Average Speed 122 | 180 122 120 . Slowest Speed 450 | 300 190 450 . Overloaded Moves . | . . . . Propulsion Burnouts . | . . . . Robots Hopped . | . . . . Potential Cave-ins . | . . . . Cave-ins Triggered . | . . . . Exploration Rate (%) 43 | 5 97 68 2 Regions Visited 3 Branch Regions 1 Pre-discovered Areas . | . . . . Known Exits Taken 3 | 1 1 1 . Unknown Exits Taken . | . . . . Scrap Searched . | . . . . Spaces Dug . | . . . . Terrain Destroyed 14 | . . 14 . Melee . | . . . . Projectile . | . . . . AOE 14 | . . 14 . Terrain Rammed . | . . . . Walls Destroyed . | . . . . Machines Disabled . | . . . . Actions | -11 -10 -10 -8 --------- Run | Yrd Mat Sub Mat Total 2611 | 55 1108 1448 . Wait 82 | . 35 47 . Move 2350 | 45 1003 1302 . Hop . | . . . . Pick Up 17 | 1 14 2 . Fast Attach 10 | 7 3 . . Attach 2 | . 1 1 . Detach 1 | . 1 . . Swap 19 | 1 14 4 . Drop 14 | . 12 2 . Fire 109 | . 22 87 . Melee . | . . . . Ram . | . . . . Kick 4 | 1 3 . . Crush . | . . . . Escape Stasis . | . . . . Rewire 3 | . . 3 . Trap . | . . . . Miscellaneous . | . . . . Route ------- -11/Scrapyard -10/Materials (discovered 5 exits: *Mat x3 / *Min / *Sub) -10/Subcaves (discovered 3 exits: *Mat x2 / *Rec) -8/Materials History --------- Turn | Location | Event 33 | -11/Scrapyard | Identified exit to Materials 33 | -11/Scrapyard | Discovered exit to Materials (range 16) 98 | -11/Scrapyard | Entered Materials 98 | -10/Materials | Evolved 1 slot: Propulsion x1 274 | -10/Materials | Identified exit to Materials 274 | -10/Materials | Discovered exit to Materials (range 8) 312 | -10/Materials | Build established: Hacker-Mutant 515 | -10/Materials | Identified exit to Subcaves 515 | -10/Materials | Discovered exit to Subcaves (range 8) 552 | -10/Materials | Identified exit to Mines 552 | -10/Materials | Discovered exit to Mines (range 15) 730 | -10/Materials | Discovered exit to Materials (range 3) 1050 | -10/Materials | Discovered exit to Materials (range 4) 1471 | -10/Materials | Entered Subcaves 1504 | -10/Subcaves | Learned 2 Materials zone layouts 1852 | -10/Subcaves | Shifting Twisted Machinery released Sub. Monowheel 1852 | -10/Subcaves | Shifting Twisted Machinery released Sub. Machine Gun 1950 | -10/Subcaves | Identified exit to Materials 1950 | -10/Subcaves | Discovered exit to Materials (range 5) 2192 | -10/Subcaves | Visited Clippyterm 2196 | -10/Subcaves | Learned Research security intel 2703 | -10/Subcaves | Shifting Twisted Machinery released Sub. Monowheel 3008 | -10/Subcaves | Identified exit to Recycling 3008 | -10/Subcaves | Discovered exit to Recycling (range 13) 3210 | -10/Subcaves | Shifting Twisted Machinery released Sub. Optics 3211 | -10/Subcaves | Discovered exit to Materials (range 7) 3212 | -10/Subcaves | Shifting Twisted Machinery released Flamer 3359 | -10/Subcaves | Entered Materials 3359 | -8/Materials | Evolved 4 slots: Utility x3, Weapon x1 3359 | -8/Materials | Self-destructed Last Messages --------------- 02929_ Chain reaction triggered in Sub. Power Source. 02929_ VU-QGN(R) destroyed. 02929_ YS-64D(R) destroyed. 02937_ Acquired 24 matter. 03000_ S-10 Pest destroyed. 03000_ Switching to secondary target: S-10 Pest. 03000_ S-10 Pest destroyed. 03003_ Chain reaction triggered in Lgt. Ion Engine. 03003_ S-10 Pest destroyed. 03008_ EXIT=FOUND: RECYCLING 03118_ System corrupted: Hvy. Ion Engine fused. 03169_ Dropped Assault Rifle. Sub. Optics falls loose from the Twisted Machinery. 03211_ EXIT=FOUND: MATERIALS Flamer falls loose from the Twisted Machinery. 03213_ System corrupted: Matter fused (-9). 03318_ System corrupted: Matter fused (-8). PARAMETERS=UTILITY+3,WEAPON+1 LOCATION=MATERIALS GOAL=ESCAPE Map ----- +----------------------------------------------------+ | ?????????????????????????????????? | | ?????????????????????????????????? | | ?????????????????????????????????? | | ?????????????????????????????????? | | ?????????????????????????????????? | | ?????????????????????????????????? | | ?????????????????????????????????? | | ?????????????????????????????????? | | ?????????????????????????????????? | | ?????????????????????????????????? | | ?????????????????????????????????? | | ?????????????????????????????????? | | ?????????????????????????????????? | | ?????????????????????????????????? | | ?????????????????????????????????? | | ??????????????????#??????????????? | | ????????????????? #??????????????? | | ???????????????? #??????????????? | | ??????????????? #??????????????? | | ???????######## #??????????????? | | ???????# #??????????????? | | ???????# +??????????????? | | ???????# #??????????????? | | ???????+ #??????????????? | | ???????# #??????????????? | | ???????# @ #??????????????? | | ???????# #??????????????? | | ???????##### ??????????? | | ????????????? ######?????????? | | ?????????????? #??????????????? | | ????????????????+##??????????????? | | ?????????????????????????????????? | | ?????????????????????????????????? | | ?????????????????????????????????? | | ?????????????????????????????????? | | ?????????????????????????????????? | | ?????????????????????????????????? | | ?????????????????????????????????? | | | | | | | | | | | | | | | | | | | | | | | | | +----------------------------------------------------+ Best States ------------- Heat Dissipation 25 Energy Generation 14 Energy Capacity 280 Matter Stores 300 Matter Capacity 300 Sight Range 16 Terrain Scan Density 10 Armor Coverage 150 Resistance: KI 35 Resistance: TH 35 Resistance: EX 35 Resistance: EM 35 Resistance: I 35 Resistance: S 35 Resistance: P 35 Evasion (%) 55 Offensive Hacking 20 Item Schematics ----------------- None Robot Schematics ------------------ None Fabricated ------------ Nothing Repaired ---------- Nothing Alien Tech Used ----------------- None Achievements -------------- None Challenges ------------ None Game ------ Seed PersonalPowerCycler Manual? 0 Play Time 00:43:33 Cumulative 45.4 hours Start 2025.07.16 @ 01:16:57 End 2025.07.18 @ 10:38:27 Sessions 6 Manual Loads 0 Difficulty Explorer Special Mode None Game No. 19 Rogue 0 Adventurer 0 Explorer 19 Win Type - Total 0 Types 0/0/0/0/0/0/0/0/0/0 Lore% 14 Gallery% 20 Achievement% 18 Wizard Run 0 Options --------- Layout 0 ASCII 1 Keyboard 1 Movement Vi Keybinds 0 Fullscreen 2 Font 24/Smallcaps Map View 76x50 Zoom Use 0% Tactical HUD 1 Map Filters NONE Filters NONE Steam 0 RUN: 31ff7e12-a1a8-4d04-a5e1-ffcb6fa0eff8